Cogmind - Beta 15 @@@ ROGUE MODE // 2025.05.12 @ 21:44:27 Player: DuckBoy Result: Destroyed by WW-T2K(R) with Subdweller Beam Cannon Performance ------------- Evolutions (0) 0 Regions Visited (2) 400 Robots Destroyed (33) 165 Value Destroyed (862) 862 Prototype IDs (0) 0 Alien Tech Used (0) 0 Bonus (0) 0 TOTAL SCORE: 1427 Bonus ------- None Cogmind --------- Core Integrity 0/250 Matter 288/300 Energy 200/200 System Corruption 0% Temperature Cool (9) Movement Treading (320) Ox2 Location -10/Subcaves Parts ------- > --- POWER (1) -------- Subdweller Power Source > --- PROPULSION (2) --- Light Treads Subdweller Monowheel > --- UTILITY (2) ------ High-capacity Storage Unit Makeshift Light Armor Plating > --- WEAPON (2) ------- Subdweller Laser Subdweller Machine Gun > --- INVENTORY (20) --- Ion Engine Light Ion Engine Light Ion Engine Subdweller Power Source Subdweller Power Source Wheel Compact Wheel Compact Wheel Subdweller Monowheel Subdweller Monowheel Subdweller Monowheel Large Storage Unit Structural Scanner Riot Gun Heavy Riot Gun Assault Rifle Subdweller Machine Gun Subdweller Machine Gun Battle Cannon Peak State ------------ > --- POWER ------------ Subdweller Power Source > --- PROPULSION ------- Light Treads Subdweller Monowheel > --- UTILITY ---------- High-capacity Storage Unit Makeshift Light Armor Plating > --- WEAPON ----------- Subdweller Laser Subdweller Beam Cannon > --- INVENTORY -------- Ion Engine Light Ion Engine Light Ion Engine Light Ion Engine Subdweller Power Source Wheel Compact Wheel Compact Wheel Subdweller Monowheel Subdweller Monowheel Large Storage Unit Structural Scanner Riot Gun Heavy Riot Gun Assault Rifle Subdweller Machine Gun Subdweller Machine Gun Subdweller Machine Gun Battle Cannon [Rating: 17] Favorites ----------- Power Light Ion Engine Engine Light Ion Engine Propulsion Light Treads Treads Light Treads Leg Aluminum Leg Wheel Subdweller Monowheel Utility High-capacity Storage Unit Device Structural Scanner Storage High-capacity Storage Unit Protection Light Armor Plating Weapon Light Cannon Energy Gun Medium Laser Energy Cannon Subdweller Beam Cannon Ballistic Gun Assault Rifle Ballistic Cannon Light Cannon Build | -11 -10 -10 ------- Run | Yrd Mat Sub Slots Evolved . | . . . Power . | . . . Propulsion . | . . . Utility . | . . . Weapon . | . . . Parts Attached 31 | 6 9 16 Power 5 | 1 2 2 Engine 5 | 1 2 2 Core . | . . . Reactor . | . . . Propulsion 7 | 2 . 5 Treads 5 | 2 . 3 Leg 1 | . . 1 Wheel 1 | . . 1 Hover . | . . . Flight . | . . . Utility 9 | 1 4 4 Device 3 | . 1 2 Storage 4 | 1 3 . Processor . | . . . Hackware . | . . . Protection 2 | . . 2 Artifact . | . . . Weapon 10 | 2 3 5 Energy Gun 3 | 1 1 1 Energy Cannon 2 | . . 2 Ballistic Gun 2 | 1 . 1 Ballistic Cannon 3 | . 2 1 Launcher . | . . . Special Weapon . | . . . Impact Weapon . | . . . Slashing Weapon . | . . . Piercing Weapon . | . . . Special Melee Weapon . | . . . Unidentified Prototypes . | . . . Parts Lost 9 | . 2 7 Power 2 | . 1 1 Propulsion 4 | . 1 3 Utility 1 | . . 1 Weapon 2 | . . 2 Highest Loss Streak 3 | . 1 3 To Critical Strikes . | . . . Average Backups 16 | 2 13 19 Power 3 | . 2 4 Propulsion 6 | 1 6 6 Utility 3 | . 1 4 Weapon 3 | . 2 4 Tool/Special . | . . . Unused Backups 22 | . 3 19 Power 6 | . . 6 Propulsion 8 | . 2 6 Utility 1 | . . 1 Weapon 7 | . 1 6 Tool/Special . | . . . Average Slot Usage (%) 93 | . 95 92 Engine 13 | . 13 13 Treads 26 | . 25 27 Device 8 | . 13 4 Storage 14 | . 14 14 Protection 1 | . . 2 Energy Gun 4 | . 5 4 Ballistic Gun 2 | . 5 . Ballistic Cannon 19 | . 16 22 Peak Build Rating 17 | 6 9 17 Average Rating 9 | 4 7 10 On Entrance 4 | . 6 8 Naked Turns . | . . . Heaviest Build 131 | 12 131 61 Greatest Support 40 | 40 40 40 Greatest Overweight (x) 6 | . 6 3 Average Overweight (x) 1 | . 1 1 Largest Inventory Capacity 25 | 8 25 20 Average Capacity 20 | 6 20 20 Most Carried 20 | 4 20 20 Average Carried 16 | 2 13 19 Final Capacity 20 | 8 20 20 Final Carried 20 | 4 20 19 Class Distribution -------------------- 84% | Mutant 15% | Scavenger-Mutant Dominant Class ---------------- Mutant | -10/Materials Mutant | -10/Subcaves Resources | -11 -10 -10 ----------- Run | Yrd Mat Sub Matter Collected 1133 | 174 501 458 Remotely . | . . . Salvage Created 970 | . 478 492 Parts 62 | . 39 23 Haulers Intercepted 2 | . 2 . Recyclers Shooed . | . . . Parts Field Recycled . | . . . Retrieved Matter . | . . . Parts Self-Destructed 20 | . . 20 Prevented . | . . . Kills | -11 -10 -10 ------- Run | Yrd Mat Sub Combat Hostiles Destroyed 24 | . 11 13 Guns 8 | . 6 2 Cannons 16 | . 5 11 Classes Destroyed 10 | . 7 3 Worker 2 | . 2 . Builder 1 | . 1 . Tunneler 1 | . 1 . Hauler 2 | . 2 . Watcher 3 | . 3 . Swarmer 6 | . 6 . Grunt 5 | . 5 . Artisan 1 | . . 1 Cobbler 1 | . . 1 Subdweller 13 | . . 13 Best Kill Streak 4 | . 4 2 Combat Bots Only 3 | . 3 2 Max Kills in Single Turn 2 | . 2 1 Gunslinging . | . . . Exploded . | . . . Melee . | . . . Uniques/NPCs Destroyed . | . . . Combat | -11 -10 -10 -------- Run | Yrd Mat Sub Hostile Shots Fired 123 | . 56 67 Missed 34 | . 13 21 Hits 89 | . 43 46 Projectile 89 | . 43 46 Critical Strikes 1 | . 1 . Damage Taken 1513 | . 471 1042 Core 265 | . 114 151 Absorbed by Shields . | . . . Core Remaining (%) 100 | 100 . . Volleys Fired 115 | . 52 63 Largest 2 | . 2 2 Hottest 140 | . 70 140 Shots Fired 214 | . 104 110 Gun 105 | . 68 37 Cannon 109 | . 36 73 Launcher . | . . . Special . | . . . Kinetic 126 | . 70 56 Thermal 88 | . 34 54 Explosive . | . . . Electromagnetic . | . . . Robot Hit Streak 18 | . 8 18 Robot Miss Streak 4 | . 4 1 Penetration Max . | . . . Secondary Targets 3 | . 3 . Max Gunslinging Chain 1 | . 1 . Shots Hit Robots 128 | . 53 75 Core Hits 54 | . 25 29 Critical Kills . | . . . Critical Parts Destroyed . | . . . Critical Strikes 6 | . 3 3 Burn 4 | . 1 3 Blast 2 | . 2 . Melee Attacks . | . . . Impact . | . . . Slashing . | . . . Piercing . | . . . Sneak Attacks . | . . . Combat Hostiles . | . . . Follow-up Attacks . | . . . Damage Inflicted 2331 | . 779 1552 Guns 938 | . 418 520 Cannons 1380 | . 361 1019 Explosions . | . . . Melee . | . . . Ramming 13 | . . 13 Kinetic 1188 | . 558 630 Thermal 1130 | . 221 909 Explosive . | . . . Electromagnetic . | . . . Impact . | . . . Slashing . | . . . Piercing . | . . . Highest Corruption . | . . . Average Corruption . | . . . Corruption Purged . | . . . Corruption Blocked . | . . . Overload Shots . | . . . Overflow Damage 10 | . . 10 Projectiles 10 | . . 10 Explosions . | . . . Melee . | . . . Knockbacks 11 | . 4 7 Impact . | . . . Kinetic 11 | . 4 7 Secondary . | . . . Self-Inflicted Damage . | . . . Shots . | . . . Rammed 5 | . . 5 Targets Rammed 6 | . . 6 Kicked . | . . . Crushed 1 | . . 1 Highest Temperature 249 | . 96 249 Average Temperature 43 | . 26 79 Received Heat Transfer 384 | . 198 186 Siege Activations . | . . . Martial Activations . | . . . Shielding Activations . | . . . Robots Disrupted . | . . . Combat Hostiles . | . . . Robots Corrupted . | . . . Combat Hostiles . | . . . Parts Fried . | . . . Impact Corruptions . | . . . Robots Melted . | . . . Combat Hostiles . | . . . Parts Melted 5 | . 2 3 Heat Transferred 2435 | . 740 1695 Parts Sabotaged . | . . . Parts Stolen . | . . . Parts Stripped . | . . . Power Chain Reactions . | . . . Alert | -11 -10 -10 ------- Run | Yrd Mat Sub Maximum Alert Level . | . . . Low Security (%) 100 | 100 100 . Level 1 . | . . . Level 2 . | . . . Level 3 . | . . . Level 4 . | . . . Level 5 . | . . . High Security . | . . . Max Security . | . . . Peak Influence 96 | . 96 . Initial . | . . . Average 22 | . 23 . Influence Increases 398 | . 398 . Destroy 0b10 Robot/C 220 | . 220 . Destroy 0b10 Robot/NC 45 | . 45 . Destroy Leader 60 | . 60 . Successful Hack 26 | . 26 . Disable Machine 30 | . 30 . Destroy Structure 2 | . 2 . Lose Combat Pursuer 15 | . 15 . Influence Decreases 398 | . 398 . Time Decay 378 | . 378 . Lost Part 20 | . 20 . Squads Dispatched 1 | . 1 . Investigation . | . . . Extermination . | . . . Reinforcement 1 | . 1 . Assault . | . . . Garrison . | . . . Intercept . | . . . Searches Triggered . | . . . Construction Impeded . | . . . Haulers Reinforced . | . . . Active Scanning Responses . | . . . Cargo Convoy Interrupts . | . . . Stealth | -11 -10 -10 --------- Run | Yrd Mat Sub Distress Signals . | . . . Communications Jammed . | . . . Distress Signals . | . . . Times Spotted 31 | . 18 13 Peak Tracking Total 3 | . 3 2 Tactical Retreats 1 | . 1 . Traps | -11 -10 -10 ------- Run | Yrd Mat Sub Traps Triggered 5 | . 5 . Indirectly . | . . . Trap Hack Attempts . | . . . Triggered . | . . . Disarmed . | . . . Reprogrammed . | . . . Reused . | . . . Traps Extracted . | . . . Installed 1 | . . 1 Triggered . | . . . Machines | -11 -10 -10 ---------- Run | Yrd Mat Sub Machines Disabled 2 | . 2 . Max in Single Turn 1 | . 1 . Machines Repaired . | . . . Machines Dismantled . | . . . Machines Sabotaged . | . . . Overloaded Fab Kills . | . . . Hacking | -11 -10 -10 --------- Run | Yrd Mat Sub Machines Accessed 8 | . 7 1 Terminals 6 | . 6 . Fabricators . | . . . Repair Stations . | . . . Recycling Units 1 | . 1 . Scanalyzers . | . . . Garrison Access . | . . . Total Hacks 22 | . 17 5 Successful 12 | . 7 5 Failed 9 | . 9 . Catastrophic 1 | . 1 . Database Lockouts 1 | . 1 . Manual 6 | . 6 . Terminals 15 | . 15 . Fabricators . | . . . Repair Stations . | . . . Recycling Units 2 | . 2 . Scanalyzers . | . . . Garrison Access . | . . . Terminal Hacks 10 | . 5 5 Record 5 | . . 5 Part Schematic 1 | . 1 . Robot Schematic 1 | . 1 . Robot Analysis 1 | . 1 . Locate Traps 2 | . 2 . Fabricator Hacks . | . . . Repair Station Hacks . | . . . Recycling Unit Hacks 1 | . 1 . Retrieve Components 1 | . 1 . Scanalyzer . | . . . Garrison Access Hacks . | . . . Unauthorized Hacks 1 | . 1 . Terminals 1 | . 1 . Botnet 1 | . 1 . Fabricators . | . . . Repair Stations . | . . . Recycling Units . | . . . Scanalyzers . | . . . Garrison Access . | . . . Data Cores Recovered . | . . . Used . | . . . Hacking Detections 5 | . 5 . Full Trace Events . | . . . Feedback Events . | . . . Feedback Blocked . | . . . Robot Schematics Acquired 1 | . 1 . Robots Built . | . . . Authchips . | . . . Time . | . . . Total Robot Build Rating . | . . . Part Schematics Acquired 1 | . 1 . Parts Built . | . . . Authchips . | . . . Time . | . . . Total Part Build Rating . | . . . Parts Repaired . | . . . Time . | . . . Parts Recycled . | . . . Recycled Matter . | . . . Retrieved Matter . | . . . Retrieved Components 10 | . 10 . Parts Scanalyzed . | . . . Part Schematics Acquired . | . . . Parts Damaged . | . . . Bothacking | -11 -10 -10 ------------ Run | Yrd Mat Sub Used RIF Installer . | . . . Robots Hacked . | . . . Non-combat . | . . . Combat . | . . . Robot Hacks Applied . | . . . Relay Couplers Released . | . . . Fabnet Peak Effective % . | . . . Robots Rewired . | . . . Allies Hacked . | . . . Hacks Repelled . | . . . Allies | -11 -10 -10 -------- Run | Yrd Mat Sub Total Allies . | . . . Largest Group . | . . . Highest-Rated Group . | . . . Highest-Rated Ally . | . . . Total Orders . | . . . Ally Attacks . | . . . Total Damage . | . . . Kills . | . . . Allies Corrupted . | . . . Allies Melted . | . . . Intel | -11 -10 -10 ------- Run | Yrd Mat Sub Active Infowar (turns) 3012 | . 1930 1082 Optics 549 | . . 549 Structural 2463 | . 1930 533 Robot Analysis Total 1 | . 1 . Derelict Logs Recovered 2 | . . 2 Drone Launches . | . . . Drone Recoveries . | . . . Exploration | -11 -10 -10 ------------- Run | Yrd Mat Sub Turns Passed 5335 | 97 2058 3180 Spaces Moved 1931 | 59 631 1241 Core 8 | 8 . . Treads 1826 | 51 631 1144 Legs . | . . . Wheels 97 | . . 97 Hover . | . . . Flight . | . . . Fastest Speed 50 | 50 160 140 Average Speed 243 | 145 274 232 Slowest Speed 640 | 160 640 240 Overloaded Moves . | . . . Propulsion Burnouts . | . . . Robots Hopped . | . . . Potential Cave-ins . | . . . Cave-ins Triggered . | . . . Exploration Rate (%) 58 | 4 97 75 Regions Visited 2 Branch Regions 1 Pre-discovered Areas 1 | . . 1 Known Exits Taken . | . . . Unknown Exits Taken 2 | 1 1 . Scrap Searched 3 | . . 3 Spaces Dug . | . . . Terrain Destroyed 3 | . . 3 Melee . | . . . Projectile 3 | . . 3 AOE . | . . . Terrain Rammed . | . . . Walls Destroyed . | . . . Machines Disabled . | . . . Actions | -11 -10 -10 --------- Run | Yrd Mat Sub Total 2344 | 68 851 1425 Wait 178 | . 123 55 Move 1929 | 58 630 1241 Hop . | . . . Pick Up 42 | 4 19 19 Fast Attach 21 | 6 12 3 Attach 10 | . 1 9 Detach . | . . . Swap 18 | . 6 12 Drop 24 | . 8 16 Fire 115 | . 52 63 Melee . | . . . Ram . | . . . Kick . | . . . Crush 6 | . . 6 Escape Stasis . | . . . Rewire . | . . . Trap 1 | . . 1 Miscellaneous . | . . . Route ------- -11/Scrapyard -10/Materials (discovered 5 exits: [*Mat x3] / [*Min] / *Sub) -10/Subcaves (discovered 2 exits: *Mat x2) History --------- Turn | Location | Event 9 | -11/Scrapyard | Discovered new exit (range 15) 98 | -11/Scrapyard | Entered Materials 314 | -10/Materials | Build established: Mutant 526 | -10/Materials | Discovered new exit (range 10) 675 | -10/Materials | Discovered new exit (range 6) 707 | -10/Materials | Central database locked down 1030 | -10/Materials | Discovered new exit (range 16) 1973 | -10/Materials | Discovered new exit (range 15) 2136 | -10/Materials | Discovered new exit (range 6) 2156 | -10/Materials | Entered Subcaves 2157 | -10/Subcaves | Approached by a straggling Scientist 2193 | -10/Subcaves | Identified exit to Materials 2750 | -10/Subcaves | Lost 3 parts (1n2w) 3233 | -10/Subcaves | Visited Clippyterm 3240 | -10/Subcaves | Learned Factory trap positions 3240 | -10/Subcaves | Learned Factory stockpile data 3464 | -10/Subcaves | Core integrity fell below 50% 3673 | -10/Subcaves | Learned location of Zion (-7) 3674 | -10/Subcaves | A swath of the cavern ceiling suddenly collapsed 3828 | -10/Subcaves | Build established: Scavenger-Mutant 3987 | -10/Subcaves | Shifting Twisted Machinery released Sub. Machine Gun 3990 | -10/Subcaves | Shifting Twisted Machinery released Mak. Light Armor Plating 4381 | -10/Subcaves | Build established: Mutant 4940 | -10/Subcaves | Shifting Twisted Machinery released Hvy. Riot Gun 4980 | -10/Subcaves | Shifting Twisted Machinery released Sub. Laser 5147 | -10/Subcaves | Core integrity fell below 20% 5300 | -10/Subcaves | Discovered exit to Materials (range 15) 5336 | -10/Subcaves | Destroyed by WW-T2K(R) with Subdweller Beam Cannon Last Messages --------------- 05057_ MV-ST7(R) destroyed. 05060_ Dropped Aluminum Leg. 05064_ Acquired 20 matter. 05078_ Acquired Sub. Machine Gun. 05084_ Acquired Sub. Power Source. 05153_ 13-WHV(R) destroyed. 05158_ 9O-XJ2(R) affixes Scrap Shield Fragment to Scrap Shield. 05159_ Lgt. Treads destroyed. 05162_ 9O-XJ2(R) affixes Scrap Shield Fragment to Scrap Shield. 05171_ Sub. Optics melted. 05171_ Sub. Laser melted. 05171_ 9O-XJ2(R) destroyed. 05178_ Acquired 15 matter. 05182_ Acquired Sub. Monowheel. 05190_ Dropped Lgt. Ion Engine. 05196_ Acquired Sub. Power Source. 05300_ EXIT=FOUND: MATERIALS 05313_ L0-IF0(R) destroyed. 05319_ Sub. Beam Cannon shoots sparks and powers down. 05325_ Dropped Broken Sub. Beam Cannon. Map ----- +----------------------------------------------------+ | ?????????????????????????????????????????????????? | | ?????????????????????????????????????????????????? | | ?????????????????????????????????????????????????? | | ?????????????????????????????????????????????????? | | ?????????????????????????????????????????????????? | | ?????????????????????????????????????????????????? | | ?????????????????????????????????????????????????? | | ?????????????????????????????????????????????????? | | ?????????????????????????????????????????????????? | | ?????????????????????????????????????????????????? | | ?????????????????????????????????????????????????? | | ?????????????????????????????????????????????????? | | ?????????????????????????????????????????????????? | | ##?????????????????##???????##???????????????????? | | #??????????????### ??????? #???????????????????? | | ##???????????### #???? ? #???????????????????? | | #??????????## # ###? ?=????????????????????? | | #??????????# ? ??%????????????????????? | | #????????### ?? [????##??????????????? | | ##????????# # # ##? ??? #??????????????? | | ###???????# # # #? ##? ##?????????????? | | ##???????# #? ?# ##????????????? | | #????????# ## ## ##???????????? | | # ####?###??# # #R# % &% #???????????? | | # # ### #### #### <%&& #???????????? | | ## ## # @ % #????????????? | | ?# % #????????????? | | # # # ## # ## ##????????????? | | ############## % ## # ## #?????????????????? | | ?????????????## ########?# #?????????????????? | | ??????????????######?????????###?????????????????? | | ?????????????????????????????????????????????????? | | ?????????????????????????????????????????????????? | | ?????????????????????????????????????????????????? | | ?????????????????????????????????????????????????? | | ?????????????????????????????????????????????????? | | ?????????????????????????????????????????????????? | | ?????????????????????????????????????????????????? | | ?????????????????????????????????????????????????? | | ?????????????????????????????????????????????????? | | ?????????????????????????????????????????????????? | | ?????????????????????????????????????????????????? | | ?????????????????????????????????????????????????? | | ?????????????????????????????????????????????????? | | ?????????????????????????????????????????????????? | | ?????????????????????????????????????????????????? | | | | | | | | | +----------------------------------------------------+ Best States ------------- Heat Dissipation 39 Energy Generation 15 Energy Capacity 250 Matter Stores 300 Matter Capacity 300 Sight Range 21 Terrain Scan Density 10 Armor Coverage 150 Evasion (%) 40 Recoil Reduction 2 Item Schematics ----------------- Lrg. Storage Unit | -10/Materials | Hacked Robot Schematics ------------------ O-16 Technician | -10/Materials | Hacked Fabricated ------------ Nothing Repaired ---------- Nothing Alien Tech Used ----------------- None Achievements -------------- None Challenges ------------ None Game ------ Seed TerrainRegenerativeFlail Manual? 0 Play Time 00:23:35 Cumulative 475.8 hours Start 2025.05.12 @ 21:21:26 End 2025.05.12 @ 21:44:27 Sessions 1 Manual Loads 0 Difficulty Rogue Special Mode None Game No. 303 Rogue 300 Adventurer 3 Explorer 0 Win Type - Total 8 Types 7/0/1/0/0/0/0/0/0/0 Lore% 69 Gallery% 70 Achievement% 67 Wizard Run 0 Options --------- Layout 0 ASCII 0 Keyboard 0 Movement Numpad Keybinds 0 Fullscreen 1 Font 18/SmallcapsGlow Map View 76x50 Zoom Use 0% Tactical HUD 1 Map Filters NONE Filters NONE Steam 1 RUN: 72d67592-099a-4153-86ea-46d1a03bad59